 Dungeon Sprint DCSS version 0.27-a0-522-g46bbb28828 (webtiles) character file.

Game seed: 14342791964505822553

48 rocky1 the Chucker (level 3, 0/36 HPs)
             Began as an Ogre Hunter on Mar 5, 2021.
             Was an Initiate of Okawaru.
             Slain by Edmund
             ... wielding a +5 vorpal flail
              (2 damage)
             ... in the Dungeon (Sprint VII: "The Pits").
             The game lasted 00:02:29 (306 turns).

rocky1 the Chucker (Ogre Hunter)                     Turns: 306, Time: 00:02:30

Health: 0/36       AC: 10    Str: 17    XL:     3   Next: 72%
Magic:  3/3        EV: 10    Int: 12    God:    Okawaru [......]
Gold:   0          SH:  0    Dex:  9    Spells: 2/2 levels left

rFire    . . .     SeeInvis .   o - +2 mace (protect)
rCold    . . .     Faith    .   (no shield)
rNeg     . . .     Spirit   .   b - +0 robe
rPois    .         Reflect  .   (helmet restricted)
rElec    .         Harm     .   (no cloak)
rCorr    .         Rampage  .   (gloves unavailable)
Will     .....     NoTele   +   (boots unavailable)
Stlth    ++........             (no amulet)
HPRegen  0.12/turn              (no ring)
MPRegen  0.08/turn              (no ring)

@: protection aura, berserk cooldown, very slightly contaminated, slowed,
invisible, very slow
A: large, unfitting armour, tough skin 1
a: Renounce Religion


You were in the Dungeon.
You worshipped Okawaru.
Okawaru was noncommittal.
You visited 1 branch

Inventory:

Hand Weapons
 o - a +2 mace of protection (weapon)
 p - a +2 vorpal hand axe
Missiles
 c - 3 large rocks (quivered)
 d - 2 throwing nets
Armour
 b - a +0 robe (worn)
Scrolls
 j - a scroll of blinking
 l - 5 scrolls of amnesia
 m - a scroll of summoning
Potions
 e - 6 potions of curing
 f - 6 potions of heal wounds
 g - a potion of haste
 h - 4 potions of magic
 i - 2 potions of berserk rage
 k - a potion of invisibility


   Skills:
 - Level 2.6 Fighting
 + Level 3.1(3.7) Axes
 + Level 2.7(3.3) Maces & Flails
 + Level 5.3 Throwing
 + Level 1.8 Dodging
 + Level 2.9 Stealth


You had 2 spell levels left.
You didn't know any spells.
Your spell library was empty.

Dungeon Overview and Level Annotations

Branches:
Dungeon (1/1)

Altars:
Ashenzari
Cheibriados
Dithmenos
Elyvilon
Fedhas
Gozag
Hepliaklqana
Kikubaaqudgha
Makhleb
Nemelex Xobeh
Okawaru
Qazlal
Ru
Sif Muna
Trog
Uskayaw
Vehumet
Wu Jian
Xom
Yredelemnul
Zin
The Shining One
Beogh
Jiyva
Lugonu

Annotations:
D Edmund


Innate Abilities, Weirdness & Mutations

You are too large for most types of armour.
You have tough skin. (AC +1)


Message History

An orc comes into view. It is wielding a +0 club.
An orc wizard comes into view. It is wielding a +0 dagger.
A gnoll comes into view. It is wielding a +0 spear.
The bat hits you but does no damage.
The gnoll moves out of view.
The orc wizard shouts!
You hit the bat.
Your weapon exudes an aura of protection.
You kill the bat!
Okawaru accepts your kill.
Unknown command.
You hit Edmund.
Edmund is lightly wounded.
Edmund drinks a potion.
Edmund flickers and vanishes!
Deactivating autopickup; reactivate with Ctrl-A.
Something hits you.
Unknown command.
You fade into invisibility!
You are very lightly contaminated with residual magic.
A red film seems to cover your vision as you go berserk!
You feel yourself moving faster!
You feel mighty! Something hits you!
You miss something. Something hits you!
You miss something.
The gnoll shaman calls down the wrath of its god upon you.
The rat is outlined in light.
Something hits you.
* * * LOW HITPOINT WARNING * * *
x2 You completely miss something.
You thump something!
Your weapon exudes an aura of protection.
Something hits you but does no damage.
You closely miss something. Something completely misses you.
You barely miss something. You hit something but do no damage.
Something hits you!
* * * LOW HITPOINT WARNING * * *
x2 You closely miss something.
Something hits you but does no damage.
You barely miss something. You barely miss something.
You are no longer berserk.
You are exhausted.
You feel yourself slow down. Something hits you.
You die...

#'#####'#####.....
#.#..#..#..##.....
#.#..†..'..#####'#
#.##†####+###.....
#.#........##.....
#.#....)...##.....
#.#####'#####...<.
#.#...).)[.##.....
#@#...)))[.##.....
#{###########.....


#or ###### #ogg ##r#o g.(. .# #. .. .. You could see a gnoll shaman, an orc
wizard, 2 gnolls, 2 orcs and 2 rats.

Vanquished Creatures
  A worker ant (D)
  An ufetubus (D)
  An ooze (D)
  A leopard gecko (D)
  A bat (D)
  A hobgoblin (D)
  3 jackals (D)
  A quokka (D)
  A frilled lizard (D)
  A quokka zombie (D)
  A rat (D)
13 creatures vanquished.

Notes
Turn   | Place    | Note
-------+----------+-------------------------------------------
     0 | D        | rocky1 the Ogre Hunter began the quest for the Orb.
     0 | D        | Reached XP level 1. HP: 22/22 MP: 1/1
    22 | D        | Reached skill level 1 in Stealth
    50 | D        | Found a bloodstained altar of Trog.
    50 | D        | Found a shimmering blue altar of Sif Muna.
    50 | D        | Found a viscous altar of Jiyva.
    50 | D        | Found a hazy altar of Hepliaklqana.
    50 | D        | Found an opulent altar of Gozag.
    51 | D        | Found a glowing golden altar of the Shining One.
    51 | D        | Found a glowing silver altar of Zin.
    51 | D        | Found a basalt altar of Yredelemnul.
    51 | D        | Found a shimmering altar of Xom.
    51 | D        | Found an ornate altar of the Wu Jian Council.
    51 | D        | Found a sacrificial altar of Ru.
    51 | D        | Found a stormy altar of Qazlal.
    51 | D        | Found an iron altar of Okawaru.
    51 | D        | Found a sparkling altar of Nemelex Xobeh.
    51 | D        | Found a burning altar of Makhleb.
    51 | D        | Found a blossoming altar of Fedhas.
    51 | D        | Found a white marble altar of Elyvilon.
    51 | D        | Found a shadowy altar of Dithmenos.
    51 | D        | Found a snail-covered altar of Cheibriados.
    54 | D        | Found a corrupted altar of Lugonu.
    54 | D        | Found a radiant altar of Vehumet.
    55 | D        | Found an ancient bone altar of Kikubaaqudgha.
    55 | D        | Found a hide-covered altar of Uskayaw.
    55 | D        | Found a broken altar of Ashenzari.
    59 | D        | Became a worshipper of Warmaster Okawaru
    91 | D        | Reached skill level 1 in Axes
    91 | D        | Reached skill level 1 in Maces & Flails
    91 | D        | Reached XP level 2. HP: 27/29 MP: 2/2
   125 | D        | Reached skill level 5 in Throwing
   125 | D        | Reached XP level 3. HP: 22/36 MP: 3/3
   290 | D        | Noticed Edmund
   306 | D        | Slain by Edmund

Illustrated notes

Levels and vault maps discovered:
D:        pitsprint [storerooms_1, entrance_room_1, metal_vault_7, armoury_3,
          mini_pit_1, grid_room_1, main_hall_1, silver_pit, the_coven_2,
          the_vestibule_1, steel_vault_3, golden_pit, hallway_of_sentries,
          crystal_vault_2, iron_vault_1, final_vault]

Skill      XL: |  1  2 |
---------------+-------+-----
Stealth        | 1 2 |  2.9
Axes           | 1 3 |  3.1
Maces & Flails | 1 2 |  2.7
Throwing       | 5 |  5.3
Fighting       | |  2.6
Dodging        | |  1.8

Action                   || total
-------------------------++-------
Melee: Short sword       ||     9
       Mace              ||    40
Throw: Large rock        ||     6
  Use: Potion            ||     2
Armor: Robe              ||    19
Dodge: Dodged            ||    20

Table legend: (Time is in decaauts)
 A = Elapsed time spent in this place.
 B = Non-inter-level travel time spent in this place.
 C = Inter-level travel time spent in this place.
 D = Time resting spent in this place.
 E = Time spent auto-exploring this place.
 F = Levels seen in this place.
 G = Mean time per level.
                   A        B        C        D        E       F      G
               +--------+--------+--------+--------+--------+-----+--------+
         Total |    319 |    319 |      0 |    107 |      0 |   1 |  319.0 |
       Dungeon |    319 |    319 |      0 |    107 |      0 |   1 |  319.0 |
               +--------+--------+--------+--------+--------+-----+--------+

Top non-repeatable levels by time:
       D: 319 daAuts
